AoeStats
← Koti

Black Forest

510631761Analyzed
4v4 RM · 5h ago on Oct 1, 2026· 55m 55s· 8 players
Game mode
Random Map
Map size
Large (8 player)
Population
200
Speed
Normal
Resources
Standard
Victory
Conquest
Starting age
Dark Age
Ending age
Imperial Age
RankedLock teamsTeams togetherTeam positionsShared explorationLock speedFull tech treeHidden civsTurbo modeCheats
Victory
Defeat
🇷🇺 Tupi · Russia
1429
+19
🇺🇸 Vikings · United States
1403
+20
🇵🇹 Turks · Portugal
1398
+20
🇧🇷 Italians · Brazil
1382
+21
🇫🇷 Goths · France
1566
-23
🇹🇷 Varangians · Türkiye
1556
-22
🇮🇪 Jurchens · Ireland
1450
-18
🇮🇳 Teutons · India
1407
-17
cortes.av
0:59 Loom
9:43 Feudal Age
19:46 Castle Age
18:03 Double-Bit Axe
18:21 Horse Collar
20:38 Gold Mining
21:01 Bow Saw
27:27 Fletching
32:44 Imperial Age
31:18 Wheelbarrow
31:14 Bodkin Arrow
31:20 Padded Archer Armor
31:41 Stone Mining
33:04 Ballistics
33:29 Leather Archer Armor
34:55 Chemistry
34:07 Masonry
38:56 Hand Cart
38:26 Town Watch
39:51 Ring Archer Armor
40:56 Stone Shaft Mining
56:11 Two-Man Saw
tima_1999
0:30 Loom
10:02 Feudal Age
20:20 Double-Bit Axe
23:02 Town Watch
26:56 Castle Age
26:59 Wheelbarrow
26:16 Fletching
27:50 Stone Mining
27:44 Horse Collar
28:06 Padded Archer Armor
28:09 Bodkin Arrow
29:58 Ballistics
29:35 Town Watch
30:27 Wheelbarrow
30:19 Padded Archer Armor
31:57 Gold Mining
32:14 Heavy Plow
36:13 Bow Saw
40:09 Imperial Age
39:19 Leather Archer Armor
41:00 Bracer
41:20 Curare
41:38 Conscription
42:49 Scale Mail Armor
42:59 Forging
43:58 Chain Mail Armor
44:11 Elite Ibirapema Warrior
44:52 Squires
47:46 Plate Mail Armor
49:39 Iron Casting
50:17 Hand Cart
51:23 Arson
hotshotgg
10:51 Feudal Age
14:47 Castle Age
12:58 Double-Bit Axe
13:48 Loom
14:39 Horse Collar
15:45 Scale Barding Armor
15:55 Bow Saw
26:12 Imperial Age
26:04 Wheelbarrow
25:21 Gold Mining
27:01 Padded Archer Armor
32:20 Town Watch
35:11 Leather Archer Armor
49:28 Two-Man Saw
49:25 Artillery
49:45 Conscription
52:45 Ring Archer Armor
53:55 Fletching
55:23 Hand Cart
OfFspRlNg
12:14 Feudal Age
15:26 Horse Collar
17:48 Castle Age
16:08 Double-Bit Axe
19:56 Heavy Plow
21:33 Bow Saw
29:58 Imperial Age
27:18 Loom
28:13 Scale Mail Armor
28:26 Forging
28:20 Gold Mining
28:45 Squires
28:30 Arson
30:00 Chain Mail Armor
29:48 Chieftains
30:10 Elite Berserk
31:39 Plate Mail Armor
32:08 Conscription
32:32 Iron Casting
34:11 Capped Ram
34:23 Crossbowman
35:31 Ballistics
36:11 Chemistry
36:17 Blast Furnace
35:07 Fletching
35:18 Arbalester
36:27 Bogsveigar
37:32 Bodkin Arrow
37:37 Padded Archer Armor
38:13 Bracer
38:13 Padded Archer Armor
42:21 Leather Archer Armor
42:01 Elite Skirmisher
48:25 Ring Archer Armor
47:37 Treadmill Crane
48:51 Caravan
Koti
3:06 Loom
11:07 Feudal Age
12:16 Double-Bit Axe
15:14 Castle Age
13:49 Gold Mining
16:07 Bow Saw
22:57 Wheelbarrow
24:20 Horse Collar
25:23 Hand Cart
30:23 Imperial Age
28:49 Scale Mail Armor
29:48 Chain Mail Armor
29:37 Stone Mining
29:11 Pikeman
29:51 Squires
30:02 Forging
29:55 Man-at-Arms
30:26 Halberdier
30:53 Long Swordsman
32:06 Heavy Plow
32:53 Conscription
32:42 Perfusion
32:39 Two-Handed Swordsman
34:21 Iron Casting
35:55 Anarchy
37:30 Blast Furnace
37:20 Fletching
37:30 Elite Huskarl
40:41 Bodkin Arrow
40:46 Padded Archer Armor
41:54 Ballistics
42:36 Chemistry
41:09 Elite Skirmisher
42:10 Bracer
42:25 Leather Archer Armor
43:14 Masonry
44:20 Ring Archer Armor
Madbun
0:46 Loom
12:07 Feudal Age
14:19 Double-Bit Axe
17:17 Horse Collar
21:14 Castle Age
19:35 Fletching
20:31 Stone Mining
22:18 Bodkin Arrow
25:49 Bow Saw
27:16 Fortified Wall
27:27 Ballistics
30:35 Gold Mining
31:07 Heavy Plow
32:35 Wheelbarrow
33:14 Fortified Bastions
33:26 Masonry
36:16 Imperial Age
35:15 Gold Shaft Mining
34:52 Fortified Bastions
35:06 Masonry
35:31 Guard Tower
40:38 Conscription
40:25 Bracer
40:01 Elite Skirmisher
41:12 Padded Archer Armor
42:02 Scale Barding Armor
42:08 Forging
43:58 Hoardings
44:34 Leather Archer Armor
46:25 Elite Iron Pagoda
47:52 Chain Barding Armor
49:17 Architecture
48:29 Treadmill Crane
49:26 Keep
52:21 Plate Barding Armor
52:22 Iron Casting
53:08 Elite Iron Pagoda
55:38 Blast Furnace
55:00 Husbandry
54:54 Light Cavalry
55:45 Bloodlines
Mystogan
11:26 Feudal Age
9:42 Loom
15:42 Castle Age
15:10 Horse Collar
16:24 Double-Bit Axe
18:24 Bow Saw
22:05 Heavy Plow
23:29 Wheelbarrow
25:21 Gold Mining
26:14 Stone Mining
27:07 Hand Cart
26:38 Town Watch
29:46 Imperial Age
27:05 Town Watch
29:09 Stone Shaft Mining
29:53 Scale Mail Armor
29:48 Pikeman
31:34 Chemistry
30:54 Chain Mail Armor
30:49 Forging
31:24 Crop Rotation
31:57 Two-Man Saw
31:25 Siege Engineers
30:50 Halberdier
31:30 Squires
31:15 Arson
32:37 Conscription
33:01 Plate Mail Armor
33:07 Iron Casting
34:55 Masonry
35:57 Blast Furnace
36:14 Man-at-Arms
36:39 Gambesons
37:28 Ironclad
36:43 Long Swordsman
38:40 Coinage
37:43 Two-Handed Swordsman
39:00 Champion
39:47 Fletching
39:58 Padded Archer Armor
55:53 Crenellations
55:30 Bodkin Arrow
LonzoWall
1:20 Loom
9:19 Feudal Age
9:20 Man-at-Arms
20:02 Double-Bit Axe
23:52 Castle Age
22:42 Horse Collar
23:58 Stone Mining
25:18 Bow Saw
25:54 Wheelbarrow
33:46 Fletching
39:06 Heavy Plow
43:21 Caravan
45:08 Hand Cart
49:29 Heavy Plow
50:23 Husbandry
51:31 Bloodlines
56:11 Imperial Age
53:53 Light Cavalry
54:40 Scale Barding Armor
54:45 Forging
55:58 Chain Barding Armor
Connection lost

Rejoining the realm…

Still unreachable

The connection could not be restored.

Session expired

The server has moved on; the page needs a fresh start.